 Dungeon Crawl Stone Soup version 0.30-a0-779-g7971cf19c3 (webtiles) character file.

Game seed: 15465478942790456457

56 Esekla the Sneak (level 3, -2/26 HPs)
             Began as an Octopode Delver on Feb 17, 2023.
             Was an Initiate of Gozag.
             Slain by an ufetubus (3 damage)
             ... on level 4 of the Dungeon.
             The game lasted 00:05:45 (1128 turns).

Esekla the Sneak (Octopode Delver)                  Turns: 1128, Time: 00:05:45

Health: -2/26      AC:  1    Str: 11    XL:     3   Next: 97%
Magic:  4/4        EV: 13    Int: 14    God:    Gozag
Gold:   34         SH:  0    Dex: 13    Spells: 3/3 levels left

rFire   . . .      SeeInvis .    a - +0 long sword
rCold   . . .      Faith    .    (no shield)
rNeg    . . .      Spirit   .    (helmet restricted)
rPois   .          Reflect  .    (no amulet)
rElec   .          Harm     .    m - ring of resist corrosion
rCorr   +          Rampage  .    (no ring)
Will    .....                    (no ring)
Stlth   ++++                     (no ring)
HPRegen 0.24/turn                (no ring)
MPRegen 0.09/turn                (no ring)
                                 (no ring)
                                 (no ring)

@: no status effects
A: almost no armour, amphibious, 8 rings, camouflage 1, gelatinous body 1,
(nimble swimmer 1), tentacles
a: Renounce Religion, Potion Petition, Call Merchant, Bribe Branch


You were on level 4 of the Dungeon.
You worshipped Gozag.
Gozag was noncommittal.
You visited 2 branches of the dungeon, and saw 3 of its levels.

You collected 48 gold pieces.
You paid 14 gold pieces to Gozag.

Inventory:

Hand Weapons
 a - a +0 long sword (weapon)
 r - a +0 spear
 s - a +0 dagger
Jewellery
 m - a ring of resist corrosion (left tentacle)
Wands
 f - a wand of digging (3)
 i - a wand of flame (17)
Scrolls
 b - a scroll of fog
 d - a scroll of fear
 g - a scroll of blinking {unknown}
Potions
 c - a potion of magic {unknown}
 e - 2 potions of haste
 h - a potion of flight {unknown}
 j - a potion of mutation {unknown}
 l - a potion of curing {unknown}


   Skills:
 * Level 3.3 Fighting
 * Level 2.5 Long Blades
 * Level 2.3 Dodging
 + Level 7.3 Stealth
 * Level 0.8 Spellcasting


You had 3 spell levels left.
You didn't know any spells.
Your spell library was empty.

Dungeon Overview and Level Annotations

Branches:
Dungeon (5/15)             Temple (1/1) D:5

Altars:
Ashenzari
Cheibriados
Dithmenos
Fedhas
Gozag
Hepliaklqana
Kikubaaqudgha
Makhleb
Nemelex Xobeh
Okawaru
Qazlal
Ru
Vehumet
Wu Jian
Xom
Zin
The Shining One

Annotations:
D:5 Eustachio, Menkaure


Innate Abilities, Weirdness & Mutations

You cannot wear most types of armour.
You are amphibious.
You can wear up to eight rings at the same time.
Your skin changes colour to match your surroundings (Stealth+).
Your rubbery body absorbs attacks. (AC +1, EV +1)
((You are camouflaged when in or above water. (Stealth+)))
You have tentacles for arms and can constrict up to eight enemies at once.


Message History

You open the door.
There is an open door here.
A kobold and a hobgoblin come into view.
There is an open door here.
You open the door.
There is an open door here.
There is an open door here.
You open the door.
An iguana comes into view.
Found a scroll labelled EMUEQOW SESTEST.
There is an open door here.
An ufetubus comes into view.
Okay, then.
a - a +0 long sword (weapon)
You hit the ufetubus. Your grab misses the ufetubus.
The ufetubus is almost dead.
The ufetubus hits you. The ufetubus barely misses you. x2
The ufetubus hits you.
You miss the ufetubus. Your grab misses the ufetubus.
The ufetubus is almost dead.
The ufetubus closely misses you. The ufetubus hits you. x2
The ufetubus barely misses you.
You miss the ufetubus. Your grab misses the ufetubus.
The ufetubus is almost dead.
The ufetubus closely misses you. The ufetubus hits you. x3
You closely miss the ufetubus. Your grab misses the ufetubus.
Your squeeze misses the ufetubus.
The ufetubus is almost dead.
The ufetubus barely misses you. The ufetubus hits you.
* * * LOW HITPOINT WARNING * * *
The ufetubus closely misses you. x2
You barely miss the ufetubus. Your grab misses the ufetubus.
Your squeeze misses the ufetubus.
The ufetubus is severely wounded.
The ufetubus hits you.
* * * LOW HITPOINT WARNING * * *
The ufetubus closely misses you. The ufetubus barely misses you.
The ufetubus hits you.
You die...
Your body crumbles into a pile of gold.

#....#. ≈... ####+###
#....# ....##......#
#(...# ............#
#....#
............######....##
.........?..#....#......
#...........#....#......
#...........#....#......
#.....5@....#....#......
#...........###'###'##.(
#.....#+##....#..##..#..
#..### #....#......###
#. #....'......... .
#....#.........
##....##'###+###
.................


lK............... You could see an ufetubus.

Vanquished Creatures
  A jelly (D:5)
  An adder (Temple)
  A worm (D:4)
  6 orcs
9 creatures vanquished.

Notes
Turn   | Place    | Note
-------+----------+-------------------------------------------
     0 | D:5      | Esekla the Octopode Delver began the quest for the Orb.
     0 | D:5      | Reached XP level 1. HP: 16/16 MP: 1/1
    33 | D:5      | Noticed Menkaure
    40 | D:5      | Found a staircase to the Ecumenical Temple.
    45 | Temple   | Entered the Ecumenical Temple
   251 | Temple   | Reached XP level 2. HP: 7/21 MP: 2/2
   415 | D:5      | Reached skill level 7 in Stealth
   544 | D:5      | Noticed Eustachio
   792 | Temple   | Became a worshipper of Gozag Ym Sagoz the Greedy
   879 | D:5      | Reached XP level 3. HP: 22/26 MP: 2/4
   953 | D:4      | Noticed an ogre
  1128 | D:4      | HP: 1/26 [ufetubus (2)]
  1128 | D:4      | Slain by an ufetubus

Illustrated notes

Levels and vault maps discovered:
D:4:      layout_gridville, nicolae_elemental_shop, nicolae_hexahallways
D:5:      layout_loops_corners, minmay_temple_entry_arrows,
          minmay_fire_ice_demons, uniq_grinder, uniq_ijyb, uniq_eustachio,
          uniq_menkaure
Temple:   minmay_crystal_spiral_temple

Skill      XL: |  1  2 |
---------------+-------+-----
Stealth        | 7 |  7.3
Fighting       | |  3.3
Long Blades    | |  2.5
Dodging        | |  2.3
Spellcasting   | |  0.8

Action                     || total
---------------------------++-------
  Melee: Falchion          ||    33
         Constrict         ||     7
         Tentacles         ||     5
         Punch             ||     1
         Long sword        ||     5
         Dagger            ||     1
    Use: Scroll            ||     1
   Stab: Sleeping          ||     1
 Armour: Skin              ||     1
  Dodge: Dodged            ||    32

Table legend: (Time is in decaauts)
 A = Elapsed time spent in this place.
 B = Non-inter-level travel time spent in this place.
 C = Inter-level travel time spent in this place.
 D = Time resting spent in this place.
 E = Time spent auto-exploring this place.
 F = Levels seen in this place.
 G = Mean time per level.
                   A        B        C        D        E       F      G
               +--------+--------+--------+--------+--------+-----+--------+
         Total |   1136 |    892 |    244 |    181 |     98 |   3 |  378.7 |
       Dungeon |    631 |    628 |      3 |     52 |      0 |   2 |  315.5 |
        Temple |    504 |    263 |    241 |    129 |     98 |   1 |  504.0 |
               +--------+--------+--------+--------+--------+-----+--------+

Top non-repeatable levels by time:
  Temple: 504 daAuts
     D:5: 460 daAuts
     D:4: 170 daAuts
